 Dungeon Crawl Stone Soup version 0.30-a0-424-g7412bad402 (webtiles) character file.

Game seed: 1535756159303725099

99 AigisTheKnight the Digger (level 4, -3/24 HPs)
             Began as a Gargoyle Earth Elementalist on Dec 9, 2022.
             Slain by a gnoll
             ... wielding a +1 spear of venom
              (6 damage)
             ... on level 3 of the Dungeon.
             The game lasted 00:02:22 (1641 turns).

AigisTheKnight the Digger (GrEE)                    Turns: 1641, Time: 00:02:23

Health: -3/24      AC:  6    Str: 12    XL:     4   Next: 72%
Magic:  3/8        EV: 11    Int: 17    God:
Gold:   120        SH:  0    Dex: 10    Spells: 7/8 levels left

rFire   . . .      SeeInvis .    i - +0 short sword (drain)
rCold   . . .      Faith    .    h - orb {light}
rNeg    + . .      Spirit   .    a - +0 robe
rPois   ∞          Reflect  .    (no helmet)
rElec   +          Harm     .    (no cloak)
rCorr   .          Rampage  .    o - +0 pair of gloves
Will    .....                    (no boots)
Stlth   +.........               (no amulet)
HPRegen 0.24/turn                (no ring)
MPRegen 0.11/turn                (no ring)

@: glowing
A: sickness immunity, AC +3, negative energy resistance 1, electricity
resistance, torment resistance 1, petrification resistance
a: no special abilities


You were on level 3 of the Dungeon.
You visited 1 branch of the dungeon, and saw 3 of its levels.

You collected 120 gold pieces.

Inventory:

Hand Weapons
 i - a +0 short sword of draining (weapon)
Armour
 a - a +0 robe (worn)
 h - an orb of light (worn)
 o - a +0 pair of gloves (worn)
Scrolls
 c - a scroll of enchant weapon {unknown}
 f - 2 scrolls of identify {unknown}
 j - a scroll of brand weapon {unknown}
 k - a scroll of magic mapping {unknown}
 l - 2 scrolls of noise {unknown}
Potions
 b - a potion of magic
 d - 3 potions of haste {unknown}
 e - 2 potions of curing {unknown}
 g - a potion of might {unknown}
 m - 2 potions of ambrosia {unknown}
 n - a potion of lignification {unknown}
 p - a potion of berserk rage {unknown}


   Skills:
 + Level 2.4 Armour
 - Level 1.5 Dodging
 - Level 2.2 Stealth
 + Level 2.9 Spellcasting
 - Level 0.7 Transmutations
 + Level 4.7 Earth Magic


You had 7 spell levels left.
You knew the following spells:

 Your Spells              Type           Power      Damage    Failure   Level
a - Sandblast             Erth           36%        2d10      2%          1

Your spell library contained the following spells:

 Spells                   Type           Power      Damage    Failure   Level
 Passwall                 Tmut/Erth      9%         N/A       9%          2
 Stone Arrow              Conj/Erth      20%        3d8       21%         3
 Petrify                  Tmut/Erth      11%        N/A       50%         4


Dungeon Overview and Level Annotations

Branches:
Dungeon (3/15)

Altars:

Shops:
D:1 [


Innate Abilities, Weirdness & Mutations

You are immune to sickness and miasma.
Your stone body is resilient. (AC +3)
You are immune to poison.
You resist negative energy. (rN+)
You are resistant to electric shocks. (rElec)
You are resistant to unholy torment.
You are immune to petrification.


Message History

Unknown command.
Casting: Sandblast (safe; 2% risk of failure)
Confirm with . or Enter, or press ? or * to list all spells.
Aiming: Sandblast (safe; 2% risk of failure)
Press: ? - help, Shift-Dir - straight line, f/p - adder
Aim: an adder (heavily wounded, haloed, 77% to hit)
The blast of sand hits the adder!
You kill the adder!
The adder barely misses you.
Unknown command.
Casting: Sandblast (safe; 2% risk of failure)
Confirm with . or Enter, or press ? or * to list all spells.
Aiming: Sandblast (safe; 2% risk of failure)
Press: ? - help, Shift-Dir - straight line, f/p - adder
Aim: an adder (heavily wounded, haloed, 77% to hit)
The blast of sand misses the adder.
The blast of sand hits the gnoll!
The gnoll is severely wounded.
The adder bites you but does no damage.
The gnoll hits you from afar with a +1 spear of venom!
The adder bites you but does no damage. The gnoll barely misses you.
Casting: Sandblast (safe; 2% risk of failure)
Confirm with . or Enter, or press ? or * to list all spells.
Aiming: Sandblast (safe; 2% risk of failure)
Press: ? - help, Shift-Dir - straight line, f/p - adder
Aim: an adder (heavily wounded, haloed, 77% to hit)
The blast of sand hits the adder!!
You kill the adder!
The gnoll hits you from afar with a +1 spear of venom.
Unknown command.
Casting: Sandblast (safe; 2% risk of failure)
Confirm with . or Enter, or press ? or * to list all spells.
Aiming: Sandblast (safe; 2% risk of failure)
Press: ? - help, Shift-Dir - straight line, f - gnoll
Aim: a gnoll, wielding a +1 spear of venom (severely wounded, haloed, 88% to hit)
The blast of sand hits the gnoll.
The gnoll is severely wounded.
The gnoll hits you from afar with a +1 spear of venom!
* * * LOW HITPOINT WARNING * * *
The gnoll hits you from afar with a +1 spear of venom.
You die...

####.. ##.## #.# ........ ...#
#.############ ...###.# #..#
#............. .###...# #..#
######..###### ##.....######.g###
#..# )..$...#.........# #..#
##....?.......##g# #..#
.###...#.#######.# #..#
...###...#######@# #..#
##............##.# #.†#
###.......##.##.# #..######
###...........# #........
###........#.##.# #..#####.
##.....÷.......#.########..# ##.
.....................<.....# ##..
.....#.>)......#.#########.###...
##...#....#....#.# #.......


You could see a gnoll.

Vanquished Creatures
  4 adders
  2 worms
  3 dart slugs
  3 endoplasms
  A giant cockroach (D:3)
  6 goblins
  4 hobgoblins
  4 jackals (D:2)
  5 quokkas
  2 ball pythons
  4 bats
  2 frilled lizards (D:3)
  3 kobolds
  5 rats
48 creatures vanquished.

Notes
Turn   | Place    | Note
-------+----------+-------------------------------------------
     0 | D:1      | AigisTheKnight the Gargoyle Earth Elementalist began the
                  | quest for the Orb.
     0 | D:1      | Reached XP level 1. HP: 10/10 MP: 3/3
   113 | D:1      | Reached XP level 2. HP: 15/15 MP: 0/5
   264 | D:1      | Found Soskeonn's Antique Armour Shop.
   280 | D:1      | Reached skill level 1 in Armour
   307 | D:1      | Reached skill level 4 in Earth Magic
   589 | D:2      | Reached XP level 3. HP: 10/19 MP: 3/6
  1278 | D:3      | Reached XP level 4. HP: 24/24 MP: 5/8
  1641 | D:3      | Slain by a gnoll

Illustrated notes

Levels and vault maps discovered:
D:1:      shiori_arrival_maze, layout_rooms, serial_shops, nicolae_shop_crystal
D:2:      layout_loops_ring
D:3:      layout_loops_ring, ebering_ghost_rock_garden, minmay_unequal

Skill      XL: |  1  2  3  4 |
---------------+-------------+-----
Armour         | 1 2 |  2.4
Earth Magic    | 4 |  4.7
Dodging        | |  1.5
Stealth        | |  2.2
Spellcasting   | |  2.9
Transmutations | |  0.7

Action                   |  1- 3 |  4- 6 || total
-------------------------+-------+-------++-------
Melee: Unarmed           |     2 |       ||     2
       Short sword       |    49 |    30 ||    79
 Cast: Sandblast         |    25 |    10 ||    35
 Stab: Sleeping          |     1 |       ||     1
Armor: Robe              |    15 |    19 ||    34
Dodge: Dodged            |    30 |    35 ||    65

Table legend: (Time is in decaauts)
 A = Elapsed time spent in this place.
 B = Non-inter-level travel time spent in this place.
 C = Inter-level travel time spent in this place.
 D = Time resting spent in this place.
 E = Time spent auto-exploring this place.
 F = Levels seen in this place.
 G = Mean time per level.
                   A        B        C        D        E       F      G
               +--------+--------+--------+--------+--------+-----+--------+
         Total |   1656 |   1602 |     54 |      0 |   1294 |   3 |  552.0 |
       Dungeon |   1656 |   1602 |     54 |      0 |   1294 |   3 |  552.0 |
               +--------+--------+--------+--------+--------+-----+--------+

Top non-repeatable levels by time:
     D:2: 683 daAuts
     D:1: 577 daAuts
     D:3: 396 daAuts
